 Dungeon Crawl Stone Soup version 0.30.1-4-g462c640d31 (webtiles) character file.

Game seed: 9220729982622148034

1110827 spardeous the Metallomancer (level 27, -2/48 (246) HPs)
             Began as a Demigod Conjurer on Aug 19, 2023.
             Killed from afar by a Hell Sentinel (32 damage)
             ... with damnation
             ... in Pandemonium on Aug 20, 2023.
             The game lasted 08:10:06 (135693 turns).

spardeous the Metallomancer (Demigod Conjurer)    Turns: 135693, Time: 08:10:07

HP:   -2/48 (246)   AC: 31    Str: 19 (29) XL:     27
MP:   55/67         EV:  2    Int: 38 (39) God:
Gold: 8620          SH:  0    Dex: -3 (19) Spells: 4/74 levels left

rFire   + + +        z - staff of conjuration "Sopint" {Str+4 Int+6 Dex-5}
rCold   + + +        J - +8 tower shield {reflect}
rNeg    + + +        A - +8 pearl dragon scales "Gabboeg" {rN+ Int+3}
rPois   +            I - +2 hat {Will+}
rElec   +            i - scarf {rC+ rF+}
rCorr   .            j - +0 pair of fencer's gloves {Riposte Dex+3}
SInv    .            K - +2 pair of boots of Lifelessness {rC+ rN++ Regen+ Dex-3}
Will    +++..        l - amulet "Jada" {RegenMP rElec Regen+ Str+6 Stlth+} Stlth
                     p - ring of Diegoav {rElec rPois rF++ AC+4 Str-3}
HPRegen 2.68/turn    a - ring "Fean" {rC++ MP+9 Int+4}
MPRegen 0.80/turn

%: reflection, clarity
@: slowed, lost dexterity, studying 2 skills, extremely drained, very slow
A: high MP 1, forlorn, divine attributes, clarity, deformed body, deterioration
1, dopey 1, regeneration 1, weak 1
}: 11/15 runes: barnacled, slimy, silver, iron, abyssal, demonic, glowing,
magical, fiery, dark, gossamer
a: no special abilities


You were in Pandemonium.
You visited 15 branches of the dungeon, and saw 76 of its levels.
You visited Pandemonium 2 times, and saw 23 of its levels.
You visited the Abyss 2 times.
You also visited: Trove, Ice Cave, Volcano and Wizlab.

You collected 12814 gold pieces.
You spent 4194 gold pieces at shops.

Inventory:

Hand Weapons
 E - a +9 eveningstar of holy wrath
 X - the +8 trident of the Octopus King {venom, rElec rPois}
   (You found it on level 5 of the Lair of Beasts)

   rElec:     It insulates you from electricity.
   rPois:     It protects you from poison.
Armour
 i - a scarf of resistance (worn)
 j - the +0 pair of fencer's gloves (worn) {Riposte Dex+3}
   (You found it in a treasure trove)

   Riposte:   It allows the wearer to riposte with melee weapons, swiftly
   retaliating against missed or blocked melee attacks.
   Dex:       It affects your dexterity (+3).
 t - the +3 pair of seven-league boots {Rampage+∞}
   (You found it on level 1 of the Vaults)

   Rampage+∞: When moving toward enemies, its wearer moves as far as possible,
   alerting their target en route.
 u - a +2 pair of gloves of stealth
 A - the +8 pearl dragon scales "Gabboeg" (worn) {rN+ Int+3}
   (You bought it in a shop on level 1 of the Shoals)

   Int:       It affects your intelligence (+3).
   rN:        It protects you from negative energy.
 I - a +2 hat of willpower (worn)
 J - a +8 tower shield of reflection (worn)
 K - the +2 pair of boots of Lifelessness (worn) {rC+ rN++ Regen+ Dex-3}
   (You found it on level 7 of the Dungeon)

   Dex:       It affects your dexterity (-3).
   rC:        It protects you from cold.
   rN:        It greatly protects you from negative energy.
   Regen:     It increases your rate of health regeneration.
 V - a scarf of repulsion
Magical Staves
 z - the staff of conjuration "Sopint" (weapon) {Str+4 Int+6 Dex-5}
   (You found it on level 2 of the Depths)

   [staff of conjuration]

   Base accuracy: +5 Base damage: 5 Base attack delay: 1.2 This weapon's minimum
   attack delay (0.6) is reached at skill level 12.
   Str:       It affects your strength (+4).
   Int:       It affects your intelligence (+6).
   Dex:       It affects your dexterity (-5).
   It falls into the 'Staves' category.
   It is a one-handed weapon.
 U - the staff of earth "Hiacefusu" {rElec rCorr}
   (You found it on level 3 of the Elven Halls)

   [staff of earth]

   Base accuracy: +5 Base damage: 5 Base attack delay: 1.2 This weapon's minimum
   attack delay (0.6) is reached at skill level 12.
   rElec:     It insulates you from electricity.
   rCorr:     It protects you from acid and corrosion.
   It falls into the 'Staves' category.
   It is a one-handed weapon.
Jewellery
 a - the ring "Fean" (right hand) {rC++ MP+9 Int+4}
   (You took it off a merfolk impaler on level 4 of the Shoals)

   [ring of magical power]

   Int:       It affects your intelligence (+4).
   rC:        It greatly protects you from cold.
   MP:        It affects your magic capacity (+9).
 l - the amulet "Jada" (around neck) {RegenMP rElec Regen+ Str+6 Stlth+}
   (You acquired it on level 11 of the Dungeon)

   [amulet of magic regeneration]

   It increases your rate of magic regeneration.
   Str:       It affects your strength (+6).
   rElec:     It insulates you from electricity.
   Regen:     It increases your rate of health regeneration.
   Stlth:     It makes you more stealthy.
 p - the ring of Diegoav (left hand) {rElec rPois rF++ AC+4 Str-3}
   (You took it off a deep elf death mage on level 3 of the Elven Halls)

   [ring of protection]

   AC:        It affects your AC (+4).
   Str:       It affects your strength (-3).
   rF:        It greatly protects you from fire.
   rElec:     It insulates you from electricity.
   rPois:     It protects you from poison.
 y - the ring "Teagah" {AC+4 SInv}
   (You acquired it on level 11 of the Dungeon)

   [ring of protection]

   AC:        It affects your AC (+4).
   SInv:      It lets you see invisible.
 M - a ring of magical power
 P - the ring of Ewavurin {rElec rF+ Will- rCorr Int+7 Dex+3}
   (You took it off Antaeus on level 7 of Cocytus)

   [ring of protection from fire]

   Int:       It affects your intelligence (+7).
   Dex:       It affects your dexterity (+3).
   rF:        It protects you from fire.
   rElec:     It insulates you from electricity.
   rCorr:     It protects you from acid and corrosion.
   Will:      It decreases your willpower.
 T - the ring "Qetol" {rF- EV+5 Str+4 Dex+7}
   (You found it on level 1 of the Vaults)

   [ring of evasion]

   EV:        It affects your evasion (+5).
   Str:       It affects your strength (+4).
   Dex:       It affects your dexterity (+7).
   rF:        It makes you vulnerable to fire.
 W - the ring "Sotonus" {Fly rPois Will+ Str+5}
   (You found it on level 3 of the Crypt)

   [ring of poison resistance]

   Str:       It affects your strength (+5).
   rPois:     It protects you from poison.
   Fly:       It grants you flight.
   Will:      It increases your willpower.
Wands
 m - a wand of digging (33)
 D - a wand of quicksilver (59)
 H - a wand of mindburst (34)
 S - a wand of iceblast (110)
 Z - a wand of polymorph (5)
Scrolls
 c - 28 scrolls of teleportation
 d - 3 scrolls of enchant armour
 f - 4 scrolls of enchant weapon
 n - 5 scrolls of amnesia
 q - 2 scrolls of brand weapon
 v - 15 scrolls of fear
 B - 7 scrolls of poison
 L - 7 scrolls of blinking
 O - 10 scrolls of fog
 Q - 7 scrolls of butterflies
 R - 16 scrolls of immolation
 Y - 4 scrolls of silence
Potions
 b - 14 potions of berserk rage
 e - 20 potions of might
 g - 2 potions of heal wounds
 h - 14 potions of mutation
 k - 5 potions of brilliance
 o - 9 potions of ambrosia
 r - 16 potions of flight
 s - 15 potions of attraction
 w - 7 potions of invisibility
 x - 5 potions of resistance
 C - 6 potions of cancellation
 F - a potion of magic
 G - a potion of haste
 N - 26 potions of curing


   Skills:
 - Level 20.1 Fighting
 - Level 16.6 Maces & Flails
 - Level 15.0 Armour
 - Level 17.6 Dodging
 - Level 9.2 Stealth
 - Level 12.1 Shields
 - Level 24.3 Spellcasting
 - Level 15.9 Conjurations
 - Level 12.4 Necromancy
 - Level 13.4 Translocations
 + Level 16.7 Transmutations
 - Level 25.6 Earth Magic


You had 4 spell levels left.
You knew the following spells:

 Your Spells              Type           Power      Damage    Failure   Level
a - Magic Dart            Conj           100%       1d8       0%          1
b - Stone Arrow           Conj/Erth      100%       3d13      0%          3
c - Iskenderun's Mystic   Conj/Tloc      100%       2d19      1%          4
d - Statue Form           Tmut/Erth      78%        N/A       1%          6
e - Necromutation         Tmut/Necr      51%        N/A       58%         8
f - Borgnjor's Vile Clut  Necr/Erth      56%        N/A       1%          5
g - Leda's Liquefaction   Hex/Erth       48%        N/A       1%          4
h - Lehudib's Crystal Sp  Conj/Erth      70%        10d16     6%          8
i - Swiftness             Air            46%        N/A       13%         3
j - Blink                 Tloc           100%       N/A       1%          2
k - Death Channel         Necr           48%        N/A       4%          6
l - Sublimation of Blood  Necr           96%        N/A       1%          2
n - Iskenderun's Battles  Conj           100%       2d15      1%          5
q - Shatter               Erth           63%        3d47*     12%         9
x - Manifold Assault      Tloc           99%        N/A       1%          4

Your spell library contained the following spells:

 Spells                   Type           Power      Damage    Failure   Level
 Beastly Appendage        Tmut           100%       N/A       0%          1
 Kiss of Death            Conj/Necr      100%       2d13      0%          1
 Momentum Strike          Conj/Tloc      100%       3d10      0%          2
 Passwall                 Tmut/Erth      98%        N/A       0%          2
 Searing Ray              Conj           100%       2d8       0%          2
 Wereblood                Tmut           100%       N/A       0%          2
 Petrify                  Tmut/Erth      100%       N/A       0%          4
 Apportation              Tloc           100%       N/A       1%          1
 Foxfire                  Conj/Fire      100%       2x1d9     1%          1
 Necrotise                Necr           100%       1d9       1%          1
 Shock                    Conj/Air       100%       1d9       1%          1
 Sting                    Tmut/Pois      100%       1d8       1%          1
 Cigotuvi's Dreadful Rot  Necr/Pois/Air  100%       N/A       1%          2
 Lesser Beckoning         Tloc           100%       N/A       1%          2
 Dazzling Flash           Conj/Hex       100%       N/A       1%          3
 Gell's Gravitas          Tloc           99%        N/A       1%          3
 Mephitic Cloud           Conj/Pois/Air  92%        N/A       1%          3
 Portal Projectile        Hex/Tloc       100%       N/A       1%          3
 Spider Form              Tmut/Pois      83%        N/A       1%          3
 Teleport Other           Tloc           99%        N/A       1%          3
 Vampiric Draining        Necr           96%        2d12      1%          3
 Vhi's Electric Charge    Tloc/Air       100%       N/A       1%          3
 Volatile Blastmotes      Fire/Tloc      100%       2d18      1%          3
 Animate Armour           Summ/Erth      100%       N/A       1%          4
 Animate Dead             Necr           96%        N/A       1%          4
 Dispel Undead            Necr           96%        3d30      1%          4
 Flame Wave               Conj/Fire      100%       2d21      1%          4
 Fulminant Prism          Conj/Hex       51%        3d23      1%          4
 Ice Form                 Ice/Tmut       83%        N/A       1%          4
 Passage of Golubria      Tloc           99%        N/A       1%          4
 Sticky Flame             Conj/Fire      100%       2d11      1%          4
 Anguish                  Hex/Necr       38%        N/A       3%          4
 Slow                     Hex            100%       N/A       4%          1
 Summon Small Mammal      Summ           100%       N/A       4%          1
 Call Imp                 Summ           92%        N/A       7%          2
 Ensorcelled Hibernation  Hex/Ice        92%        N/A       7%          2
 Poisonous Vapours        Pois/Air       92%        N/A       7%          2
 Scorch                   Fire           92%        2d9       7%          2
 Call Canine Familiar     Summ           46%        N/A       13%         3
 Confusing Touch          Hex            46%        N/A       13%         3
 Frozen Ramparts          Ice            92%        1d14      13%         3
 Inner Flame              Hex/Fire       46%        N/A       13%         3
 Ozocubu's Armour         Ice            46%        N/A       13%         3
 Summon Guardian Golem    Hex/Summ       46%        N/A       13%         3
 Tukima's Dance           Hex            46%        N/A       13%         3
 Airstrike                Air            23%        2d(4-20)  41%         4
 Cause Fear               Hex            23%        N/A       41%         4
 Olgreb's Toxic Radiance  Pois           46%        N/A       41%         4
 Summon Ice Beast         Ice/Summ       46%        N/A       41%         4
 Summon Lightning Spire   Summ/Air       46%        N/A       41%         4
 Lee's Rapid Deconstruct  Erth           63%        3d29*     0%          5
 Agony                    Necr           96%        N/A       1%          5
 Blade Hands              Tmut           53%        N/A       1%          5
 Irradiate                Conj/Tmut      65%        3d33      1%          5
 Dispersal                Tloc           49%        N/A       2%          6
 Alistair's Intoxication  Tmut/Pois      55%        N/A       4%          5
 Arcjolt                  Conj/Air       51%        1d61      4%          5
 Fireball                 Conj/Fire      51%        3d20      4%          5
 Yara's Violent Unravell  Hex/Tmut       41%        3d16      4%          5
 Dragon Form              Tmut           53%        N/A       4%          7
 Summon Forest            Summ/Tloc      39%        N/A       8%          5
 Freezing Cloud           Conj/Ice/Air   46%        6-21      14%         5
 Conjure Ball Lightning   Conj/Air       51%        3x3d18    26%         6
 Starburst                Conj/Fire      51%        6d14      26%         6
 Simulacrum               Ice/Necr       38%        N/A       47%         6
 Disjunction              Tloc           49%        N/A       75%         8
 Metabolic Englaciation   Hex/Ice        23%        N/A       77%         5
 Silence                  Hex/Air        23%        N/A       77%         5
 Summon Mana Viper        Hex/Summ       46%        N/A       77%         5
 Storm Form               Tmut/Air       41%        N/A       77%         7
 Infestation              Necr           48%        N/A       87%         8
 Malign Gateway           Summ/Tloc      39%        N/A       93%         7
 Haunt                    Necr/Summ      38%        N/A       96%         7
 Plasma Beam              Fire/Air       23%        2x1d38    100%        6
 Summon Cactus Giant      Summ           23%        N/A       100%        6
 Enfeeble                 Hex            23%        N/A       100%        7
 Ozocubu's Refrigeration  Ice            23%        4d12      100%        7
 Summon Hydra             Summ           23%        N/A       100%        7
 Discord                  Hex            23%        N/A       100%        8
 Ignition                 Fire           23%        3d8       100%        8
 Maxwell's Capacitive Co  Air            23%        ∞         100%        8
 Summon Horrible Things   Summ           23%        N/A       100%        8
 Chain Lightning          Conj/Air       51%        3d68      100%        9
 Dragon's Call            Summ           23%        N/A       100%        9
 Fire Storm               Conj/Fire      51%        8d13      100%        9
 Polar Vortex             Ice            23%        N/A       100%        9


Dungeon Overview and Level Annotations

Branches:
Dungeon (15/15)            Temple (0/1) D:7            Lair (5/5) D:11
 Shoals (4/4) Lair:2       Spider (4/4) Lair:3        Slime (5/5) Lair:4
    Orc (2/2) D:11            Elf (3/3) Orc:2        Vaults (5/5) D:13
  Crypt (3/3) Vaults:2       Tomb (0/3) Crypt:3      Depths (4/4) D:15
   Hell (visited)             Dis (7/7) Hell            Geh (0/7) Hell
    Coc (7/7) Hell            Tar (6/7) Hell            Zot (5/5) Depths:4
  IceCv (visited)         Volcano (visited)          WizLab (visited)

Shops:
D:3 (   D:8 *[*   Orc:2 (*:[   Elf:1 ??   Elf:2 [   Shoals:1 *[   Vaults:1 (
Vaults:2 ?

Portals:
Hell: Depths:1 Depths:2 Depths:3 Depths:4
Abyss: Zot:4 Depths:3
Pandemonium: Depths:2 Depths:3 Depths:4
Ziggurat: Depths:1

Annotations:
D:9 exclusion: obsidian statue
Coc:7 exclusion: ice statue


Innate Abilities, Weirdness & Mutations

You have an increased reservoir of magic. (+10% MP)
You shall have no god before yourself.
Your divine heritage dramatically boosts your attributes as you level up.
You possess an exceptional clarity of mind.
Armour fits poorly on your strangely shaped body.
Your body sometimes deteriorates upon taking damage.
You are dopey. (Int -2)
Your natural rate of healing is unusually fast.
You are weak. (Str -2)


Message History

Aiming: Borgnjor's Vile Clutch (safe; 1% risk of failure)
Press: ? - help, Shift-Dir - straight line, f/p - Hell Sentinel
Aim: a Hell Sentinel (lightly wounded, 100% to hit)
Zombie hands grab the Hell Sentinel.
The zombie hands constrict the Hell Sentinel.
The Hell Sentinel struggles to escape constriction.
The Hell Sentinel gestures at you.
The sphere of damnation explodes!
The damnation engulfs you!!!
Ouch! That really hurt!
* * * LOW HITPOINT WARNING * * *
Your body deteriorates!
You feel clumsy.
You hear a bellow!
You hear a shout!
You take 32 damage, and have 2/48 hp.
MASSIVE DAMAGE!!
You now have 60/67 mp.
You feel much better.
The zombie hands constrict the Hell Sentinel!!
You hear a shout!
You hear a screech!
The Hell Sentinel struggles to escape constriction.
You regained 24 hp, and now have 26/48 hp.
Casting: Borgnjor's Vile Clutch (safe; 1% risk of failure)
Confirm with . or Enter, or press ? or * to list all spells.
The spell is extremely dangerous to miscast (6% risk of failure)!
Continue anyway?
Okay, then.
Unknown command.
Casting: Lehudib's Crystal Spear (extremely dangerous; 6% risk of failure)
Confirm with . or Enter, or press ? or * to list all spells.
Okay, then.
Casting: Lehudib's Crystal Spear (extremely dangerous; 6% risk of failure)
Confirm with . or Enter, or press ? or * to list all spells.
The spell is extremely dangerous to miscast (6% risk of failure)!
Continue anyway?
Aiming: Lehudib's Crystal Spear (extremely dangerous; 6% risk of failure)
Press: ? - help, Shift-Dir - straight line, f/p - Hell Sentinel
Aim: a Hell Sentinel (moderately wounded, constricted by zombie hands, 100% to hit)
You feel a surge of power!
The crystal spear hits the Hell Sentinel!!!!
The Hell Sentinel is severely wounded.
The zombie hands constrict the Hell Sentinel, but do no damage.
The Hell Sentinel gestures at you.
The sphere of damnation explodes!
The damnation engulfs you!!
Ouch! That really hurt!
You die...

.# .. .# .# #
######.###.#
#..........#
+..........#
#....@/.1..#
#..........#
#...........#
#..$.........#
...######.....#
.### ######


You could see a Hell Sentinel (clutched).

Vanquished Creatures
  Cerebov (Pan)
  Antaeus (Coc:7)
  4 pandemonium lords (Pan)
  the Royal Jelly (Slime:5)
  Gloorx Vloq (Pan)
  Ignacio (Pan)
  Mnoleg (Pan)
  Lom Lobon (Pan)
  Dispater (Dis:7)
  A dread lich (Hell)
  2 ancient liches (Zot:5)
  3 orbs of fire
  Mara (Shoals:3)
  6 juggernauts
  Frederick (Vaults:4)
  29 shard shrikes
  5 Killer Klowns (Zot:5)
  Margery (Depths:1)
  Bai Suzhen (Depths:1)
  3 curse toes
  Geryon (Hell)
  A Head Instructor (WizLab)
  9 golden dragons
  34 caustic shrikes
  4 profane servitors
  8 bone dragons
  7 Tzitzimimeh
  6 Brimstone Fiends (Pan)
  5 doom hounds
  Arachne (Spider:2)
  4 electric golems
  8 iron giants
  Rupert (D:15)
  A spectral shard shrike (Tar:5)
  18 Ice Fiends
  7 liches
  3 tainted leviathans
  11 Hell Sentinels
  A walking crystal tome (Depths:3)
  18 tentacled monstrosities
  Mlioglotl (Spider:2)
  25 Orb Guardians (Zot:5)
  6 quicksilver dragons
  2 walking earthen tomes
  24 titans
  Grunn (Depths:3)
  34 Executioners (Pan)
  A deep elf blademaster (Elf:2)
  24 acid blobs
  A walking frostbound tome (Depths:3)
  2 deep elf master archers
  Murray (Depths:1)
  3 walking divine tomes
  3 tentacled starspawn
  A kraken (Shoals:1)
  33 ancient champions
  Agnes (D:14)
  Kirke (D:12)
  7 sphinxes
  11 shadow dragons
  5 death cobs
  20 storm dragons
  2 revenants (Crypt:1)
  Donald (Vaults:4)
  5 tengu reavers
  5 draconian monks
  20 azure jellies
  9 demonspawn warmongers (Pan)
  22 narguns
  12 rockslimes
  21 iron dragons
  7 emperor scorpions
  25 balrugs (Pan)
  13 deep elf sorcerers
  20 frost giants
  11 quicksilver elementals
  7 draconian scorchers
  22 fire giants
  10 draconian knights
  A spectral juggernaut (Tar:5)
  2 orc warlords
  Aizul (Vaults:4)
  7 draconian shifters
  7 curse skulls
  3 caustic shrike zombies (Hell)
  7 shard shrike simulacra
  5 deep elf elementalists
  12 vault wardens
  8 ghost moths
  3 ghouls (Crypt:3)
  14 cacodemons
  13 draconian annihilators
  A demonspawn blood saint (Pan)
  7 draconian stormcallers
  4 spriggan defenders
  28 stone giants
  A demonspawn corrupter (Pan)
  13 reapers
  42 war gargoyles
  18 quicksilver oozes
  A broodmother (Spider:3)
  5 ironbound thunderhulks
  45 very ugly things
  21 ironbound preservers
  The ghost of Gorgoleon the Cleaver, a journeyman HOBe of Trog (Lair:5)
  A quicksilver ooze (shapeshifter) (Vaults:1)
  A caustic shrike skeleton (Abyss:1)
  17 green draconians
  10 deep elf annihilators
  Azrael (Orc:2)
  19 black draconians
  18 elemental wellsprings
  A spectral titan (Tar:3)
  6 putrid mouths
  5 demonspawn black suns (Pan)
  5 dire elephants (Vaults:1)
  5 vampire knights
  7 purple draconians
  11 deep elf demonologists
  9 spark wasps
  7 white draconians
  13 lorocyprocas
  23 wendigos
  3 eidola
  15 yellow draconians
  23 iron golems
  11 red draconians
  16 merfolk impalers
  8 deep elf death magi
  20 blizzard demons
  5 merfolk javelineers (Shoals:4)
  3 spectral spriggans
  21 ettins
  Josephine (D:14)
  8 fire dragons
  16 jiangshi
  13 great orbs of eyes
  12 green deaths (Pan)
  A spectral golden dragon (Tar:4)
  15 deep elf high priests
  15 yaktaur captains
  6 caustic shrike simulacra
  11 ice dragons
  2 entropy weavers
  Harold (D:11)
  Erolcha (D:12)
  Fannar (Orc:1)
  An Orb Guardian zombie (Crypt:3)
  2 ogre magi
  6 spriggan air magi
  29 vault guards
  5 hell beasts
  7 hydras
  3 death knights
  4 juggernaut simulacra
  A radroach (shapeshifter) (Vaults:5)
  9 rakshasas
  6 ironbound frosthearts
  4 merfolk avatars
  A jorogumo (Spider:4)
  2 fenstrider witch skeletons
  7 death yaks (IceCv)
  13 boulder beetles
  2 spriggan skeletons
  10 centaur warriors
  8 merfolk aquamancers
  2 radroaches (Spider:4)
  37 dancing weapons
  A spectral stone giant (Tar:4)
  10 two-headed ogres
  2 satyrs (Shoals:4)
  11 tengu warriors
  Urug (Lair:2)
  A hell hog (Hell)
  10 deep troll shamans
  3 spriggan berserkers
  5 thrashing horrors (Abyss:1)
  11 deep troll earth magi
  A storm dragon zombie (Vaults:4)
  A shock serpent (shapeshifter) (Vaults:3)
  17 vampire magi
  3 shock serpents (Pan)
  2 spectral dire elephants (Tar:5)
  Nergalle (D:11)
  4 orc high priests (Orc:2)
  20 deep elf knights
  An emperor scorpion zombie (Crypt:2)
  100 sun demons
  3 spriggans
  3 hell knights (Depths:1)
  28 soul eaters
  26 skeletal warriors
  14 crystal echidnas
  18 sixfirhies
  7 pharaoh ants
  Lodul (D:12)
  6 skysharks
  13 shadow wraiths
  16 iron trolls
  4 wretched stars (Abyss:1)
  5 sun moths (Spider:4)
  A golden dragon zombie (Hell)
  An anaconda zombie (Hell)
  A ghost moth zombie (Crypt:3)
  2 shadow demons (Pan)
  70 deep trolls
  An orange crystal statue (Vaults:1)
  3 quicksilver dragon simulacra
  A sea snake (shapeshifter) (Vaults:5)
  A spectral bunyip (Tar:2)
  12 orb spiders
  2 storm dragon skeletons
  3 glowing orange brains
  7 spriggan simulacra
  12 deep elf archers
  An obsidian statue (Zot:5)
  18 ironbound convokers
  An iron giant skeleton (Crypt:1)
  12 sea snakes
  A fenstrider witch simulacrum (Coc:1)
  8 flayed ghosts
  A spectral hydra (Tar:2)
  7 steelbarb worms
  6 orc knights
  11 phantasmal warriors
  A tengu zombie (Vaults:1)
  38 deep elf pyromancers
  33 deep elf zephyrmancers
  11 lindwurms
  A bunyip skeleton (Pan)
  42 ugly things
  Pikel (D:4)
  9 harpies
  16 wizards
  A shadow dragon zombie (Hell)
  8 mana vipers (WizLab)
  2 orc sorcerers
  2 fire giant zombies (Hell)
  4 anaconda skeletons
  9 shining eyes
  6 necromancers
  8 cyclopes
  A manticore (shapeshifter) (D:12)
  A shining eye (shapeshifter) (Vaults:5)
  13 wolf spiders
  13 manticores
  8 fauns
  2 worldbinders (Abyss:1)
  31 moths of wrath
  2 frost giant zombies (Hell)
  A moth of wrath (shapeshifter) (Vaults:5)
  4 eyes of devastation
  18 vault sentinels
  18 demonic crawlers
  A stone giant skeleton (Pan)
  An elephant (Lair:5)
  15 water nymphs
  A spectral centaur (Tar:1)
  A water nymph (shapeshifter) (Vaults:1)
  Maurice (Orc:1)
  6 titan simulacra
  41 smoke demons
  8 merfolk sirens
  8 rust devils
  6 torpor snails
  A molten gargoyle (Hell)
  2 apocalypse crabs (Abyss:1)
  2 dire elephant skeletons (Pan)
  2 ice statues
  22 orange demons
  6 black mambas
  A yaktaur zombie (Vaults:1)
  Psyche (D:8)
  9 komodo dragons
  A cane toad (shapeshifter) (Vaults:5)
  13 cane toads
  13 hellions
  A spriggan zombie (Hell)
  An unseen horror (D:12)
  6 gargoyles
  2 sea snake zombies (Hell)
  A centaur skeleton (Pan)
  2 kobold demonologists
  9 rime drakes
  23 efreet
  2 anaconda simulacra
  23 tormentors
  9 ice devils
  A golden dragon simulacrum (Coc:4)
  9 freezing wraiths
  2 iron giant simulacra
  2 silent spectres
  23 yaktaurs
  4 spectral harpies
  8 ancient zymes (Abyss:1)
  7 tengu conjurers
  5 red devils
  An iron troll skeleton (Crypt:1)
  7 trolls
  A catoblepas skeleton (Crypt:2)
  8 meliai
  36 tarantellas
  23 hellwings
  11 polar bears
  10 wind drakes
  6 raiju
  4 harpy skeletons
  37 merfolk
  A meliai zombie (Crypt:3)
  7 hornets
  Prince Ribbit (D:5)
  10 snapping turtles
  A hydra skeleton (Hell)
  27 blink frogs
  2 alligator zombies (Hell)
  2 iron dragon simulacra
  Sigmund (D:3)
  13 dream sheep
  A black mamba zombie (Crypt:1)
  An ettin zombie (Vaults:1)
  27 jumping spiders
  119 slime creatures
  4 centaur simulacra
  An ettin skeleton (Pan)
  15 air elementals
  5 flying skulls
  4 dire elephant simulacra
  2 stone giant simulacra
  3 wyverns
  A merfolk skeleton (Pan)
  An alligator skeleton (Hell)
  A culicivora (shapeshifter) (Vaults:5)
  A vampire (D:9)
  34 water elementals
  5 fire elementals
  16 wraiths
  3 shadows
  23 culicivoras
  36 ynoxinuls
  The ghost of sunglassesatnite the Cudgeller, an amateur MiBe of Trog (D:4)
  3 starcursed masses (Abyss:1)
  An alligator snapping turtle simulacrum (Coc:3)
  6 basilisks
  60 yaks
  5 hogs (D:12)
  16 golden eyes
  8 chaos spawn (Pan)
  A black mamba skeleton (Pan)
  2 wind drake skeletons (Crypt:3)
  47 redbacks
  A glowing shapeshifter zombie (Vaults:1)
  A steam dragon (D:10)
  25 neqoxecs
  10 vampire mosquitoes
  11 harpy simulacra
  Menkaure (D:4)
  3 acid dragons
  A faun zombie (Crypt:2)
  58 large abominations
  7 wargs
  10 water moccasins
  2 hydra simulacra
  A deep troll skeleton (Pan)
  2 faun skeletons
  11 hell hounds
  2 human skeletons
  A two-headed ogre skeleton (Crypt:1)
  2 floating eyes (shapeshifter)
  2 human zombies
  17 orc warriors
  An ettin simulacrum (Coc:1)
  An elf simulacrum (Vaults:4)
  2 ice beasts
  A sky beast (D:6)
  2 black bears
  24 wolves
  25 ogres
  A blink frog zombie (Crypt:1)
  9 small abominations (Abyss:1)
  5 centaurs
  4 lemures (D:4)
  A phantom (D:4)
  3 kobold brigands
  Blork the orc (D:5)
  A salamander zombie (Crypt:1)
  5 scorpions
  11 bullfrogs
  A gnoll sergeant (D:12)
  2 necrophages (Crypt:3)
  A human simulacrum (Vaults:4)
  A naga simulacrum (Coc:7)
  4 earth elementals
  13 wights
  A yak zombie (Crypt:1)
  6 killer bees (D:9)
  A raiju skeleton (Crypt:1)
  5 electric eels
  5 howler monkeys
  A polar bear skeleton (Crypt:2)
  2 troll skeletons (Volcano)
  5 crimson imps (Pan)
  A quasit (Abyss:1)
  5 jellies
  4 hounds
  30 orc priests
  3 iron imps
  3 sleepcaps
  Ijyb (D:4)
  2 iguanas (D:6)
  26 orc wizards
  6 hell rats (Hell)
  A tengu skeleton (Crypt:3)
  2 naga skeletons
  10 gnolls
  6 adders
  A howler monkey skeleton (Crypt:2)
  2 shadow imps
  3 white imps
  4 ufetubi
  A worm zombie (Crypt:2)
  A jelly zombie (Crypt:3)
  10 worms
  6 dart slugs
  53 orcs
  14 ball pythons
  6 endoplasms
  7 giant cockroaches
  5 goblins
  9 hobgoblins
  3 jackals (D:2)
  3 quokkas
  A river rat zombie (Crypt:1)
  3 bats
  A frilled lizard (D:1)
  23 kobolds
  4 rats
  A fire vortex (Pan)
  A lurking horror (Abyss:1)
  3 starspawn tentacles
  A tentacle (Shoals:1)
3827 creatures vanquished.

Vanquished Creatures (others)
  2 titans
  A tengu reaver (Depths:2)
  2 fire giants
  A draconian knight (Zot:2)
  A demonspawn warmonger (Pan)
  4 shard shrike simulacra
  A draconian stormcaller (Depths:4)
  A demonspawn blood saint (Pan)
  A very ugly thing (Pan)
  2 blizzard demons (Pan)
  An ice dragon (Depths:2)
  A juggernaut simulacrum (Coc:4)
  A vault guard (Vaults:5)
  A deep elf knight (Elf:2)
  A spriggan simulacrum (Coc:7)
  A deep elf pyromancer (Elf:3)
  An ugly thing (Pan)
  2 smoke demons
  An anaconda simulacrum (Coc:1)
  A vampire (D:12)
  A water elemental (Shoals:4)
  A dire elephant simulacrum (Coc:1)
  A human (D:12)
  A golden eye (Abyss:1)
  A vampire mosquito (D:12)
  A harpy simulacrum (Coc:7)
  A hell hound (Hell)
  2 ettin simulacra (Coc:4)
  2 naga simulacra
  A quokka (D:4)
  2 fire vortices (Pan)
  4 fulminant prisms (IceCv)
  2 lurking horrors (Zot:4)
  2 starspawn tentacles
  7 tentacles (Shoals:1)
56 creatures vanquished.

Grand Total: 3883 creatures vanquished

Notes
Turn   | Place    | Note
-------+----------+-------------------------------------------
     0 | D:1      | spardeous the Demigod Conjurer began the quest for the Orb.
     0 | D:1      | Reached XP level 1. HP: 14/14 MP: 5/5
   336 | D:1      | Reached XP level 2. HP: 20/20 MP: 4/7
  1564 | D:2      | Reached XP level 3. HP: 26/26 MP: 5/8
  1691 | D:2      | Learned a level 2 spell: Searing Ray
  2217 | D:2      | Reached skill level 5 in Conjurations
  2672 | D:3      | Reached XP level 4. HP: 33/33 MP: 5/9
  3280 | D:3      | Noticed an ogre
  3285 | D:3      | Killed an ogre
  3286 | D:3      | Reached XP level 5. HP: 38/38 MP: 1/10
  3425 | D:3      | Found Lafaxt's Weapon Shoppe.
  3640 | D:3      | Noticed Sigmund
  3691 | D:3      | HP: 1/38 [something (7)]
  3692 | D:3      | Killed Sigmund
  3693 | D:3      | Reached XP level 6. HP: 2/45 MP: 0/11
  3886 | D:3      | You fall into a shaft and drop 3 floors!
  4233 | D:6      | Reached XP level 7. HP: 41/50 MP: 5/12
  4257 | D:6      | Gained mutation: You are agile. (Dex +4, Str/Int -1)
                  | [potion of mutation]
  4257 | D:6      | Gained mutation: You expend magic power (3 MP) to
                  | strengthen your wands. [potion of mutation]
  4257 | D:6      | Gained mutation: You are covered in fur. (AC +1) [potion of
                  | mutation]
  4258 | D:6      | HP: 1/50 [poisoned by a water moccasin]
  4479 | D:6      | Learned a level 4 spell: Iskenderun's Mystic Blast
  4567 | D:6      | Noticed a yak
  4567 | D:6      | Noticed a yak
  4567 | D:6      | Noticed a yak
  4592 | D:5      | Entered Level 5 of the Dungeon
  4596 | D:5      | Noticed Blork the orc
  4606 | D:5      | Killed a yak
  4709 | D:5      | Killed Blork the orc
  4857 | D:5      | Noticed Prince Ribbit
  4865 | D:5      | Killed Prince Ribbit
  4866 | D:5      | Reached skill level 10 in Conjurations
  4866 | D:5      | Reached XP level 8. HP: 57/57 MP: 5/13
  5127 | D:5      | Reached skill level 1 in Translocations
  6377 | D:6      | Reached skill level 5 in Translocations
  7525 | D:4      | Identified the +2 leather armour "Plog" {Fly rF+ Will-}
  7698 | D:4      | Noticed Ijyb
  7920 | D:4      | Killed Ijyb
  8214 | D:4      | Noticed Pikel
  8274 | D:4      | Killed Pikel
  8275 | D:4      | Reached XP level 9. HP: 60/62 MP: 0/16
  8448 | D:4      | Noticed sunglassesatnite's ghost (amateur MiBe)
  8459 | D:4      | Found a runed translucent gate.
  8459 | D:4      | Found a runed translucent gate.
  8495 | D:4      | Learned a level 4 spell: Ice Form
  8499 | D:4      | Learned a level 3 spell: Frozen Ramparts
  8511 | D:4      | Noticed Menkaure
  8517 | D:4      | Killed Menkaure
  8734 | D:4      | Found a runed translucent gate.
  8939 | D:4      | Killed sunglassesatnite's ghost
 10001 | D:7      | Identified the +2 pair of boots of Lifelessness {rC+ rN++
                  | Regen+ Dex-3}
 11064 | D:7      | Found a staircase to the Ecumenical Temple.
 11414 | D:8      | Reached skill level 5 in Spellcasting
 11685 | D:8      | Reached XP level 10. HP: 59/69 MP: 21/21
 11848 | D:8      | Noticed Psyche
 11983 | D:8      | Killed Psyche
 12361 | D:8      | Found Yrieti Cajo's Antique Armour Shop.
 12444 | D:8      | Found Qahena Celi's General Store.
 12445 | D:8      | Found Nenting's General Store.
 12916 | D:8      | Found Yrieti Cajo's Antique Armour Shop.
 12917 | D:8      | Found Qahena Celi's General Store.
 12918 | D:8      | Found Nenting's General Store.
 13224 | D:8      | Bought a potion of heal wounds for 70 gold pieces
 13224 | D:8      | Bought a potion of attraction for 42 gold pieces
 13224 | D:8      | Bought a potion of curing for 42 gold pieces
 13676 | D:9      | Noticed an obsidian statue
 14399 | D:8      | Bought a scroll of teleportation for 33 gold pieces
 14399 | D:8      | Bought a scroll of identify for 22 gold pieces
 14399 | D:8      | Bought a potion of degeneration for 11 gold pieces
 14399 | D:8      | Bought 2 scrolls of noise for 22 gold pieces
 14425 | D:10     | Entered Level 10 of the Dungeon
 14458 | D:10     | Noticed a boulder beetle
 14617 | D:10     | Killed a boulder beetle
 14618 | D:10     | Reached skill level 10 in Translocations
 15186 | D:10     | Reached XP level 11. HP: 74/74 MP: 27/27
 15551 | D:11     | Noticed Nergalle
 15568 | D:11     | Killed Nergalle
 15621 | D:11     | Noticed a two-headed ogre
 15636 | D:11     | Killed a two-headed ogre
 15970 | D:11     | Identified the +6 whip "Xeffagele" {pain, rElec rN+ MP-9
                  | Str+3}
 15994 | D:11     | Found a staircase to the Lair.
 16010 | D:11     | Noticed Harold
 16029 | D:11     | Killed Harold
 16030 | D:11     | Reached skill level 10 in Spellcasting
 16215 | D:11     | Found a staircase to the Orcish Mines.
 16442 | D:11     | Identified 3 scrolls of acquirement
 16444 | D:11     | Acquired the amulet "Jada" {RegenMP rElec Regen+ Str+6
                  | Stlth+}
 16454 | D:11     | Acquired the ring "Teagah" {AC+4 SInv}
 16460 | D:11     | Acquired 1219 gold pieces
 16611 | D:12     | Noticed Lodul
 16642 | D:12     | Killed Lodul
 16787 | D:12     | Noticed Kirke
 16800 | D:12     | Killed Kirke
 16906 | D:12     | Noticed a boulder beetle
 16910 | D:12     | Noticed an eight-headed hydra
 17175 | D:12     | Killed a boulder beetle
 17176 | D:12     | Reached XP level 12. HP: 81/81 MP: 14/32
 17204 | D:12     | Noticed a boulder beetle
 17326 | D:12     | Killed an eight-headed hydra
 17537 | D:12     | Noticed Erolcha
 17546 | D:12     | Killed Erolcha
 17691 | D:12     | Noticed an eight-headed hydra
 17699 | D:12     | Killed an eight-headed hydra
 17771 | D:12     | Noticed a six-headed hydra
 17788 | D:12     | Killed a six-headed hydra
 17808 | D:12     | Noticed a five-headed hydra
 17825 | D:12     | Killed a five-headed hydra
 17890 | D:12     | Killed a boulder beetle
 18782 | D:13     | Reached XP level 13. HP: 86/86 MP: 27/36
 18922 | D:13     | Reached skill level 15 in Spellcasting
 18946 | D:13     | Found a gate to the Vaults.
 19922 | D:14     | Found a portal to a secret trove of treasure.
 20176 | D:14     | Noticed Agnes
 20190 | D:14     | Killed Agnes
 20209 | D:14     | Learned a level 6 spell: Statue Form
 20624 | D:14     | Noticed Josephine
 20628 | D:14     | Killed Josephine
 21077 | Lair:1   | Entered Level 1 of the Lair of Beasts
 21340 | Lair:1   | Reached skill level 5 in Dodging
 22739 | Lair:2   | Noticed Urug
 22768 | Lair:2   | Killed Urug
 22776 | Lair:2   | Found a staircase to the Shoals.
 22961 | Lair:2   | Reached XP level 14. HP: 93/93 MP: 37/39
 23556 | Lair:3   | Reached skill level 1 in Fighting
 24071 | Lair:3   | Found a hole to the Spider Nest.
 24468 | Lair:4   | Reached skill level 5 in Fighting
 24510 | Lair:4   | Found a staircase to the Slime Pits.
 24740 | Lair:4   | Found a dark tunnel.
 24764 | Volcano  | Entered a volcano
 25559 | Lair:5   | Entered Level 5 of the Lair of Beasts
 25926 | Lair:5   | Found the +8 trident of the Octopus King {venom, rElec
                  | rPois}
 26206 | Lair:5   | Found a runed translucent gate.
 26206 | Lair:5   | Found a runed translucent gate.
 26206 | Lair:5   | Found a runed translucent gate.
 26206 | Lair:5   | Noticed Gorgoleon's ghost (journeyman HOBe)
 26856 | Lair:5   | Killed Gorgoleon's ghost
 27097 | Orc:1    | Entered Level 1 of the Orcish Mines
 27097 | Orc:1    | Noticed Fannar
 27132 | Orc:1    | Killed Fannar
 27133 | Orc:1    | Reached skill level 1 in Necromancy
 27133 | Orc:1    | Reached skill level 1 in Transmutations
 27133 | Orc:1    | Reached skill level 1 in Earth Magic
 27243 | Orc:2    | Entered Level 2 of the Orcish Mines
 27243 | Orc:2    | Noticed Azrael
 27253 | Orc:2    | Reached skill level 10 in Fighting
 27257 | Orc:2    | Killed Azrael
 27310 | Orc:2    | Reached XP level 15. HP: 74/126 MP: 27/40
 27336 | Orc:2    | Reached skill level 2 in Earth Magic
 27377 | Orc:2    | Found a frozen archway.
 27392 | IceCv    | Entered an ice cave
 27432 | IceCv    | Reached skill level 3 in Earth Magic
 27737 | IceCv    | Learned a level 4 spell: Fulminant Prism
 27925 | IceCv    | Reached skill level 4 in Earth Magic
 28264 | Orc:2    | Found a staircase to the Elven Halls.
 28341 | Orc:2    | Found Zonun's Antique Weapon Shoppe.
 28341 | Orc:2    | Found Ilumaob's Armour Emporium.
 28341 | Orc:2    | Found Bubawk's Book Emporium.
 28365 | Orc:2    | Found Piup's General Store.
 28375 | Orc:2    | Bought a book of Armaments for 576 gold pieces
 28380 | Orc:2    | Learned a level 3 spell: Stone Arrow
 28691 | Orc:1    | Noticed Maurice
 28723 | Orc:1    | Killed Maurice
 29180 | D:15     | Entered Level 15 of the Dungeon
 29213 | D:15     | Noticed Rupert
 29376 | D:15     | Reached skill level 5 in Necromancy
 29380 | D:15     | Reached skill level 5 in Transmutations
 29380 | D:15     | Reached skill level 5 in Earth Magic
 29380 | D:15     | Killed Rupert
 29834 | D:15     | Reached skill level 1 in Shields
 30531 | D:15     | Identified the +0 scale mail of Anaesthesia {rPois rF- rN+}
 30652 | D:15     | Found a staircase to the Depths.
 30915 | Spider:1 | Entered Level 1 of the Spider Nest
 31638 | Spider:1 | Reached skill level 5 in Shields
 32982 | Spider:2 | Reached XP level 16. HP: 134/134 MP: 24/41
 32983 | Spider:2 | Noticed Mlioglotl
 33022 | Spider:2 | Killed Mlioglotl
 33726 | Spider:2 | Noticed Arachne
 33835 | Spider:2 | Killed Arachne
 34480 | Spider:3 | Reached skill level 10 in Shields
 34781 | Spider:3 | Identified the +1 pair of gloves of the Arena {Harm rElec}
 35674 | Spider:4 | Entered Level 4 of the Spider Nest
 35681 | Spider:4 | Reached skill level 1 in Armour
 37325 | Spider:4 | Reached skill level 1 in Maces & Flails
 38191 | Spider:4 | Reached skill level 5 in Maces & Flails
 38295 | Spider:4 | Got a gossamer rune of Zot
 38298 | Spider:4 | Reached XP level 17. HP: 140/140 MP: 42/42
 39193 | Elf:1    | Entered Level 1 of the Elven Halls
 39303 | Elf:1    | Reached XP level 18. HP: 103/147 MP: 23/44
 39497 | Elf:1    | Paralysed by an air elemental for 1 turns
 39500 | Elf:1    | Identified the +1 robe "Doon" {rPois}
 39670 | Elf:1    | Reached skill level 10 in Maces & Flails
 39897 | Elf:1    | Found Dopusiz's Magic Scroll Emporium.
 39901 | Elf:1    | Bought a scroll of enchant weapon for 112 gold pieces
 39902 | Elf:1    | Found Xaaruom's Magic Scroll Shoppe.
 39905 | Elf:1    | Found a huge runed gate.
 39906 | Elf:1    | Found a huge runed gate.
 39906 | Elf:1    | Found a huge runed gate.
 39906 | Elf:1    | Found a huge runed gate.
 40045 | Elf:1    | Got the Omnibus of Allies
 40253 | Elf:1    | Paralysed by an air elemental for 1 turns
 40350 | Elf:1    | Found a huge runed gate.
 40350 | Elf:1    | Found a huge runed gate.
 40350 | Elf:1    | Found a huge runed gate.
 40350 | Elf:1    | Found a huge runed gate.
 40350 | Elf:1    | Found a huge runed gate.
 40350 | Elf:1    | Found a huge runed gate.
 40351 | Elf:1    | Found a huge runed gate.
 40356 | Elf:1    | Found a huge runed gate.
 40357 | Elf:1    | Found a huge runed gate.
 40358 | Elf:1    | Found a huge runed gate.
 40364 | Elf:1    | Found a huge runed gate.
 40364 | Elf:1    | Found a huge runed gate.
 40364 | Elf:1    | Found a huge runed gate.
 40364 | Elf:1    | Found a huge runed gate.
 40364 | Elf:1    | Found a huge runed gate.
 40364 | Elf:1    | Found a huge runed gate.
 40384 | Elf:1    | Found a huge runed gate.
 40384 | Elf:1    | Found a huge runed gate.
 40384 | Elf:1    | Found a huge runed gate.
 40384 | Elf:1    | Found a huge runed gate.
 40385 | Elf:1    | Found a huge runed gate.
 40386 | Elf:1    | Found a huge runed gate.
 40387 | Elf:1    | Found a huge runed gate.
 40388 | Elf:1    | Found a huge runed gate.
 40407 | Elf:1    | Found a huge runed gate.
 40407 | Elf:1    | Found a huge runed gate.
 40407 | Elf:1    | Found a huge runed gate.
 40407 | Elf:1    | Found a huge runed gate.
 40407 | Elf:1    | Found a huge runed gate.
 40407 | Elf:1    | Found a huge runed gate.
 40408 | Elf:1    | Found a huge runed gate.
 40409 | Elf:1    | Found a huge runed gate.
 40479 | Elf:1    | Noticed a Tzitzimitl
 40799 | Elf:1    | Learned a level 4 spell: Manifold Assault
 40914 | D:8      | Bought a potion of invisibility for 88 gold pieces
 40914 | D:8      | Bought a scroll of enchant weapon for 82 gold pieces
 41681 | Elf:1    | Learned a level 4 spell: Leda's Liquefaction
 41739 | Elf:2    | Found Lidaops's Antique Armour Shop.
 42501 | Elf:2    | Found a runed translucent gate.
 42502 | Elf:2    | Found a runed translucent gate.
 42503 | Elf:2    | Found a runed translucent gate.
 42975 | Orc:2    | Bought a twisted mace for 152 gold pieces
 42975 | Orc:2    | Identified the +2 mace of Woe {venom, rC+ rCorr} (You
                  | bought it in a shop on level 2 of the Orcish Mines)
 43072 | Shoals:1 | Entered Level 1 of the Shoals
 43449 | Shoals:1 | Found the +5 glaive of the Guard {elec, spectral, AC+5}
 43860 | Shoals:1 | Found Imeolit's Antique Armour Shop.
 43901 | Shoals:1 | Found Aschappar's General Store.
 44247 | Shoals:1 | Bought faintly glowing pearl dragon scales for 2277 gold
                  | pieces
 44247 | Shoals:1 | Identified the +8 pearl dragon scales "Gabboeg" {rN+ Int+3}
                  | (You bought it in a shop on level 1 of the Shoals)
 44247 | Shoals:1 | Bought an embroidered hat for 154 gold pieces
 44324 | Shoals:2 | Reached XP level 19. HP: 160/160 MP: 27/45
 44438 | Shoals:2 | Learned a level 5 spell: Lee's Rapid Deconstruction
 46428 | Shoals:3 | Noticed Mara
 46467 | Shoals:3 | Killed Mara
 47287 | Shoals:4 | Entered Level 4 of the Shoals
 47705 | Shoals:4 | Learned a level 3 spell: Swiftness
 48365 | Shoals:4 | Reached skill level 15 in Maces & Flails
 48459 | Shoals:4 | Identified the +1 leather armour of Wonder {rN+}
 48462 | Shoals:4 | Paralysed by an air elemental for 1 turns
 48771 | Shoals:4 | Paralysed by an air elemental for 1 turns
 48925 | Shoals:4 | Paralysed by an air elemental for 1 turns
 49070 | Shoals:4 | Identified the +0 scale mail of Ryitearo {rElec rF+}
 49070 | Shoals:4 | Identified the ring "Fean" {rC++ MP+9 Int+4}
 49457 | Shoals:4 | Got a barnacled rune of Zot
 49465 | Shoals:4 | Got the Exposition on Conjured Charms
 49629 | Shoals:4 | Paralysed by an air elemental for 1 turns
 50468 | Depths:1 | Entered Level 1 of the Depths
 50585 | Depths:1 | Paralysed by a floating eye for 2 turns
 50831 | Depths:1 | Found a gateway to Hell.
 50831 | Depths:1 | Noticed Margery
 50842 | Depths:1 | Reached skill level 6 in Earth Magic
 50926 | Depths:1 | Killed Margery
 51082 | Depths:1 | Reached skill level 7 in Earth Magic
 51313 | Depths:1 | Reached skill level 8 in Earth Magic
 51559 | Depths:1 | Noticed Bai Suzhen
 51585 | Depths:1 | Killed Bai Suzhen
 51640 | Depths:1 | Reached skill level 5 in Armour
 51720 | Depths:1 | Found a one-way gateway to a ziggurat.
 51822 | Depths:1 | Reached XP level 20. HP: 99/168 MP: 29/46
 52080 | Depths:1 | Learned a level 5 spell: Iskenderun's Battlesphere
 52870 | Depths:2 | Noticed a juggernaut
 52984 | Depths:2 | Noticed a caustic shrike
 53339 | Depths:2 | Noticed a caustic shrike
 53346 | Depths:2 | Killed a caustic shrike
 53879 | Depths:2 | Noticed a juggernaut
 53893 | Depths:2 | Killed a juggernaut
 53952 | Depths:2 | Reached skill level 10 in Armour
 54146 | Depths:2 | Killed a juggernaut
 54222 | Depths:2 | Killed a caustic shrike
 54325 | Depths:2 | Got Tompitan's Secrets of Shapes
 54911 | Depths:2 | Found a one-way gate leading to the halls of Pandemonium.
 54949 | Depths:2 | Identified the +5 trident of the Pure Priests {antimagic,
                  | Str+4}
 55246 | Depths:2 | Identified the staff of conjuration "Sopint" {Str+4 Int+6
                  | Dex-5}
 55261 | Depths:2 | Identified the +3 dagger "Mifiu" {speed, *Corrode rElec
                  | Dex+3}
 55268 | Depths:2 | Identified the staff of cold "Niugakorph" {rC+ rCorr Dex+3}
 55430 | Depths:2 | Identified the +4 arbalest "Kinai" {penet, rF+ Will+ Str+6}
 56386 | Depths:3 | Noticed a golden dragon
 56403 | Depths:3 | Killed a golden dragon
 56638 | Depths:3 | Noticed Grunn
 56721 | Depths:3 | Killed Grunn
 56912 | Depths:3 | Reached XP level 21. HP: 174/174 MP: 42/47
 57292 | Depths:3 | Noticed a juggernaut
 57526 | Depths:3 | Killed a juggernaut
 58502 | Depths:3 | Found a one-way gate to the infinite horrors of the Abyss.
 58516 | Depths:3 | Reached skill level 10 in Dodging
 59651 | Depths:4 | Entered Level 4 of the Depths
 60543 | Depths:4 | Found a gate to the Realm of Zot.
 60555 | Depths:4 | Noticed a golden dragon
 60587 | Depths:4 | Killed a golden dragon
 61369 | Vaults:1 | Entered Level 1 of the Vaults
 61380 | Vaults:1 | Found Ketzadof's Weapon Boutique.
 62335 | Vaults:1 | Reached skill level 15 in Fighting
 62672 | Vaults:1 | Found a transporter.
 62672 | Vaults:1 | Found the +3 pair of seven-league boots {Rampage+∞}
 62683 | Vaults:1 | Found a transporter.
 62946 | Vaults:1 | Reached XP level 22. HP: 187/193 MP: 5/48
 63284 | Vaults:2 | Found Atamm's Magic Scroll Boutique.
 63292 | Vaults:2 | Bought a scroll of blinking for 157 gold pieces
 63826 | Vaults:2 | Identified the +6 arbalest of Immorality {drain, Drain Fly
                  | rElec MP-9}
 64233 | Vaults:2 | Found a staircase to the Crypt.
 64748 | Vaults:3 | Identified the +2 leather armour "Kexzeybb" {rN++}
 64879 | Vaults:3 | Identified the +6 rapier "Umet" {drain, rF- Dex+8}
 64979 | Vaults:3 | Reached skill level 9 in Earth Magic
 65211 | Vaults:3 | Identified the +3 leather armour of the Turtledove {Dex+3}
 65582 | Vaults:3 | Reached skill level 10 in Earth Magic
 65803 | Vaults:4 | Noticed Frederick
 65817 | Vaults:4 | Killed Frederick
 65868 | Vaults:4 | Found a magical portal.
 65893 | WizLab   | Entered Yara's Duelist Academy
 66118 | WizLab   | Reached skill level 11 in Earth Magic
 66244 | WizLab   | Got Yara's Writings on Malediction
 66268 | WizLab   | Got Yara's Spellbook of Enchantment
 66325 | WizLab   | Noticed Bilipn
 66333 | WizLab   | Killed Bilipn the Head Instructor
 66523 | WizLab   | Learned a level 2 spell: Blink
 66774 | Vaults:4 | Reached skill level 12 in Earth Magic
 67034 | Vaults:4 | Noticed Donald
 67043 | Vaults:4 | Killed Donald
 67454 | Vaults:4 | Noticed Aizul
 67467 | Vaults:4 | Killed Aizul
 68154 | Vaults:1 | Identified the ring "Qetol" {rF- EV+5 Str+4 Dex+7}
 68168 | Vaults:1 | Identified the staff of earth "Othat" {rPois}
 68351 | Hell     | Entered the Vestibule of Hell
 68353 | Hell     | Noticed Geryon
 68425 | Hell     | Reached XP level 23. HP: 175/205 MP: 29/49
 68430 | Hell     | Killed Geryon
 68507 | Hell     | Noticed Murray
 68594 | Depths:1 | Killed Murray
 68794 | D:14     | You paid a toll of the horn of Geryon to enter a treasure
                  | trove
 68795 | Trove    | Entered a treasure trove
 68798 | Trove    | Found the +0 pair of fencer's gloves {Riposte Dex+3}
 68799 | Trove    | Identified the +1 hat "Homal" {Int+2}
 68801 | Trove    | Identified the +2 cloak of Monotheism {Harm +Inv Int-3}
 68802 | Trove    | Identified the +1 pair of gloves of the Untouchables
                  | {Dex+3}
 68804 | Trove    | Identified the +2 scale mail of the Loving Gods {Fly rElec}
 68806 | Trove    | Identified the +1 ice dragon scales "Raotrostraz" {Contam
                  | Harm rF- rC++ Str+4}
 68811 | Trove    | Identified the +0 cloak of Inaction {Rampage *Corrode
                  | +Blink}
 68813 | Trove    | Identified the scarf of Duck's Teeth {harm, *Slow rF+
                  | Int+7}
 68815 | Trove    | Identified the +1 pair of boots "Uptail" {rF+ rC+ rN+
                  | Will+}
 69076 | Elf:3    | Entered Level 3 of the Elven Halls
 69964 | Elf:3    | Reached skill level 13 in Earth Magic
 70410 | Elf:3    | Identified the ring of Diegoav {rElec rPois rF++ AC+4
                  | Str-3}
 70413 | Elf:3    | Reached skill level 14 in Earth Magic
 70782 | Elf:3    | Identified the staff of earth "Hiacefusu" {rElec rCorr}
 70782 | Elf:3    | Identified the +6 lajatang "Veoce" {heavy, rElec Str+4
                  | Stlth+}
 70818 | Elf:3    | Got the Disquisition on Pyromania and Cold
 70838 | Elf:3    | Identified the +2 scale mail of Gravitas {Will+ Dex-2 SInv}
 70883 | Elf:3    | Identified the +0 bardiche of Viack {heavy, rF+ rC+ Str+6
                  | Dex-4}
 70913 | Elf:3    | Identified the ring of Lysejuosch {rF+ rC+}
 70918 | Elf:3    | Identified the +6 short sword of Ampobibe {elec, rElec
                  | rCorr Int+3}
 70924 | Elf:3    | Identified the ring "Pifehel" {+Blink rPois Str+3}
 70928 | Elf:3    | Identified the +0 leather armour of Fashionability {Fly rN+
                  | Slay-6}
 70930 | Elf:3    | Identified the +2 scimitar "Dannuwoh" {flame, rC+ Dex+7}
 71899 | Elf:3    | Learned a level 5 spell: Borgnjor's Vile Clutch
 72122 | Slime:1  | Entered Level 1 of the Pits of Slime
 72439 | Slime:2  | Reached skill level 15 in Earth Magic
 74296 | Slime:4  | Reached skill level 16 in Earth Magic
 75214 | Slime:5  | Entered Level 5 of the Pits of Slime
 77010 | Vaults:4 | Learned a level 6 spell: Death Channel
 77018 | Vaults:5 | Entered Level 5 of the Vaults
 77025 | Vaults:5 | Reached skill level 17 in Earth Magic
 77119 | Vaults:5 | Reached XP level 24. HP: 174/216 MP: 49/49
 77121 | Vaults:5 | Reached skill level 18 in Earth Magic
 77495 | Vaults:5 | Reached skill level 19 in Earth Magic
 77777 | Vaults:5 | Got Cesch's Directory of Rank Convocation
 77779 | Vaults:5 | Got a silver rune of Zot
 78376 | Vaults:5 | Identified the amulet of Sloth {RegenMP Str+5}
 78410 | Vaults:5 | Found the +12 pair of quick blades "Gyre" and "Gimble"
                  | {protect}
 78424 | Vaults:5 | Found the +9 sword of Power {lifebolt}
 78434 | Vaults:5 | Identified the +8 spear "Kilu" {heavy, rPois Str+4}
 78644 | Vaults:5 | Identified the +7 dagger of Dawn {speed, rElec Will+ Int-3}
 78693 | Vaults:5 | Identified the +0 chain mail of Uskayaw {Dex+5}
 79238 | Zot:1    | Entered Level 1 of the Realm of Zot
 79248 | Zot:1    | Reached skill level 20 in Earth Magic
 80085 | Zot:1    | Identified the +0 plate armour of Defence {rF+ rC- Str+2
                  | Stlth+}
 83362 | Zot:2    | Reached XP level 25. HP: 184/223 MP: 41/52
 84636 | Zot:2    | Learned a level 9 spell: Shatter
 87241 | Zot:4    | Reached skill level 21 in Earth Magic
 87386 | Zot:4    | Noticed an orb of fire
 87984 | Zot:4    | Learned a level 8 spell: Lehudib's Crystal Spear
 88076 | Zot:4    | Gained mutation: Armour fits poorly on your strangely
                  | shaped body. [an orb of fire]
 88082 | Zot:4    | Killed an orb of fire
 88123 | Zot:4    | Lost mutation: You are covered in fur. (AC +1) [potion of
                  | mutation]
 88123 | Zot:4    | Lost mutation: You are agile. (Dex +4, Str/Int -1) [potion
                  | of mutation]
 88123 | Zot:4    | Lost mutation: Armour fits poorly on your strangely shaped
                  | body. [potion of mutation]
 88123 | Zot:4    | Gained mutation: Your mind is acute. (Int +4, Str/Dex -1)
                  | [potion of mutation]
 88123 | Zot:4    | Lost mutation: Your mind is acute. (Int +4, Str/Dex -1)
                  | [potion of mutation]
 88123 | Zot:4    | Gained mutation: You are partially covered in iridescent
                  | scales. (AC +2) [potion of mutation]
 88766 | Zot:5    | Entered Level 5 of the Realm of Zot
 89987 | Zot:5    | Noticed an ancient lich
 89998 | Zot:5    | Killed an ancient lich
 90060 | Zot:5    | Noticed an orb of fire
 90060 | Zot:5    | Gained mutation: Your spells are a little easier to cast,
                  | but a little less powerful. [an orb of fire]
 90073 | Zot:5    | Killed an orb of fire
 90074 | Zot:5    | Reached skill level 22 in Earth Magic
 90943 | Zot:5    | Noticed an ancient lich
 90957 | Zot:5    | Killed an ancient lich
 91104 | Zot:5    | Noticed an orb of fire
 91109 | Zot:5    | Killed an orb of fire
 91210 | Zot:5    | Reached XP level 26. HP: 231/231 MP: 44/53
 91556 | Zot:5    | Reached skill level 23 in Earth Magic
 94215 | Crypt:1  | Entered Level 1 of the Crypt
 94968 | Crypt:1  | Reached skill level 24 in Earth Magic
 96962 | Crypt:3  | Entered Level 3 of the Crypt
 97869 | Crypt:3  | Got the Directory of the Scorpion and Composition
 97879 | Crypt:3  | Identified the ring "Sotonus" {Fly rPois Will+ Str+5}
 97889 | Crypt:3  | Identified the ring "Jiul" {rN+ Slay+5}
 97889 | Crypt:3  | Identified the ring of Jafowaa {rC+ rN+ Stlth+}
 98254 | Crypt:3  | Found a staircase to the Tomb.
 98759 | Shoals:1 | Bought a potion of heal wounds for 80 gold pieces
 98759 | Shoals:1 | Bought a potion of brilliance for 64 gold pieces
 98905 | Elf:1    | Bought a scroll of teleportation for 45 gold pieces
 98905 | Elf:1    | Bought a scroll of teleportation for 45 gold pieces
 98905 | Elf:1    | Bought a scroll of butterflies for 60 gold pieces
 98905 | Elf:1    | Bought a scroll of fear for 60 gold pieces
 99439 | Slime:5  | Gained mutation: You sometimes lose your temper in combat.
                  | [a shining eye]
 99545 | Slime:5  | Noticed the Royal Jelly
 99727 | Slime:5  | Gained mutation: You occasionally lose the ability to drink
                  | potions when taking damage. [a shining eye]
100347 | Slime:5  | Killed the Royal Jelly
100667 | Slime:5  | Got Sulyrr's Reference Book on Shades and Wanderlust
100679 | Slime:5  | Identified the +4 rapier of Qeudd {pain, rN+ Str-4 Int+2}
100691 | Slime:5  | Identified the +7 rapier of Miana {holy, rF+ MP+9 Dex+2}
100695 | Slime:5  | Identified the staff of death "Duuwij" {rPois rN+ Str+3}
100708 | Slime:5  | Identified the +0 ring mail of Buf Muli {*Slow Fly Dex+2}
100711 | Slime:5  | Identified the +8 arbalest "Vunkuts" {flame, *Corrode rC++}
100713 | Slime:5  | Got a slimy rune of Zot
101107 | Lair:4   | Lost mutation: You are partially covered in iridescent
                  | scales. (AC +2) [potion of mutation]
101107 | Lair:4   | Lost mutation: You occasionally lose the ability to drink
                  | potions when taking damage. [potion of mutation]
101107 | Lair:4   | Gained mutation: Armour fits poorly on your strangely
                  | shaped body. [potion of mutation]
101107 | Lair:4   | Gained mutation: You are strong-willed. (Will+) [potion of
                  | mutation]
101108 | Lair:4   | Lost mutation: Your spells are a little easier to cast, but
                  | a little less powerful. [potion of mutation]
101108 | Lair:4   | Lost mutation: You sometimes lose your temper in combat.
                  | [potion of mutation]
101108 | Lair:4   | Lost mutation: Armour fits poorly on your strangely shaped
                  | body. [potion of mutation]
101108 | Lair:4   | Gained mutation: You possess an exceptional clarity of
                  | mind. [potion of mutation]
101108 | Lair:4   | Gained mutation: You have a pair of small horns on your
                  | head. [potion of mutation]
101108 | Lair:4   | Gained mutation: You are robust. (+10% HP) [potion of
                  | mutation]
101497 | Pan      | Entered Pandemonium
101502 | Pan      | Noticed Naleqaa the pandemonium lord
101762 | Pan      | Gained mutation: Your spells are a little easier to cast,
                  | but a little less powerful. [a cacodemon]
101764 | Pan      | Lost mutation: You possess an exceptional clarity of mind.
                  | [a cacodemon]
101775 | Pan      | Gained mutation: Your spells are easier to cast, but less
                  | powerful. [a cacodemon]
102058 | Pan      | Killed Naleqaa the pandemonium lord
102337 | Pan      | Reached skill level 25 in Earth Magic
102348 | Pan      | Reached XP level 27. HP: 257/257 MP: 16/55
102404 | Pan      | Found a runed translucent door.
102447 | Pan      | Got a demonic rune of Zot
103001 | Pan      | Gained mutation: You occasionally lose the ability to read
                  | scrolls when taking damage. [a cacodemon]
103004 | Pan      | Lost mutation: You expend magic power (3 MP) to strengthen
                  | your wands. [a cacodemon]
103496 | Pan      | Lost mutation: Your spells are easier to cast, but less
                  | powerful. [potion of mutation]
103496 | Pan      | Lost mutation: You are strong-willed. (Will+) [potion of
                  | mutation]
103496 | Pan      | Lost mutation: Your spells are a little easier to cast, but
                  | a little less powerful. [potion of mutation]
103496 | Pan      | Gained mutation: You expend magic power (3 MP) to
                  | strengthen your wands. [potion of mutation]
103496 | Pan      | Gained mutation: You are occasionally teleported next to
                  | monsters. [potion of mutation]
103497 | Pan      | Lost mutation: You are robust. (+10% HP) [potion of
                  | mutation]
103497 | Pan      | Lost mutation: You have a pair of small horns on your head.
                  | [potion of mutation]
103497 | Pan      | Gained mutation: Your spells are a little harder to cast,
                  | but a little more powerful. [potion of mutation]
103497 | Pan      | Gained mutation: You are clumsy. (Dex -2) [potion of
                  | mutation]
103497 | Pan      | Lost mutation: You are clumsy. (Dex -2) [potion of
                  | mutation]
103497 | Pan      | Gained mutation: Your mind is acute. (Int +4, Str/Dex -1)
                  | [potion of mutation]
103498 | Pan      | Lost mutation: You expend magic power (3 MP) to strengthen
                  | your wands. [potion of mutation]
103498 | Pan      | Lost mutation: You are occasionally teleported next to
                  | monsters. [potion of mutation]
103498 | Pan      | Lost mutation: Your spells are a little harder to cast, but
                  | a little more powerful. [potion of mutation]
103498 | Pan      | Gained mutation: You expend magic power (3 MP) to
                  | strengthen your wands. [potion of mutation]
103499 | Pan      | Lost mutation: Your mind is acute. (Int +4, Str/Dex -1)
                  | [potion of mutation]
103499 | Pan      | Lost mutation: You expend magic power (3 MP) to strengthen
                  | your wands. [potion of mutation]
103499 | Pan      | Gained mutation: You occasionally shout uncontrollably at
                  | your foes. [potion of mutation]
103499 | Pan      | Gained mutation: You are agile. (Dex +4, Str/Int -1)
                  | [potion of mutation]
103500 | Pan      | Lost mutation: You occasionally lose the ability to read
                  | scrolls when taking damage. [potion of mutation]
103500 | Pan      | Lost mutation: You occasionally shout uncontrollably at
                  | your foes. [potion of mutation]
103500 | Pan      | Gained mutation: You have large cloven feet. [potion of
                  | mutation]
103500 | Pan      | Gained mutation: You are strong-willed. (Will+) [potion of
                  | mutation]
103586 | Pan      | Noticed Sicycwiseemp the pandemonium lord
103611 | Pan      | Killed Sicycwiseemp the pandemonium lord
103730 | Pan      | Entered the realm of Mnoleg.
103958 | Pan      | Gained mutation: Your muscles are strong. (Str +4, Int/Dex
                  | -1) [a neqoxec]
104100 | Pan      | Gained mutation: You are dopey. (Int -2) [a cacodemon]
104102 | Pan      | Gained mutation: You have hidden genetic defects. [a
                  | cacodemon]
104109 | Pan      | Gained mutation: You are frail. (-10% HP) [a cacodemon]
104124 | Pan      | Gained mutation: You occasionally shout uncontrollably at
                  | your foes. [a cacodemon]
104423 | Pan      | Gained mutation: You are very dopey. (Int -4) [a neqoxec]
104431 | Pan      | Gained mutation: Your body sometimes deteriorates upon
                  | taking damage. [a neqoxec]
104519 | Pan      | Lost mutation: You have hidden genetic defects. [potion of
                  | mutation]
104519 | Pan      | Lost mutation: Your body sometimes deteriorates upon taking
                  | damage. [potion of mutation]
104519 | Pan      | Lost mutation: You occasionally shout uncontrollably at
                  | your foes. [potion of mutation]
104519 | Pan      | Gained mutation: You have hoof-like feet. [potion of
                  | mutation]
104519 | Pan      | Gained mutation: Your muscles are very strong. (Str +8,
                  | Int/Dex -2) [potion of mutation]
104520 | Pan      | Lost mutation: You are frail. (-10% HP) [potion of
                  | mutation]
104520 | Pan      | Lost mutation: Your muscles are very strong. (Str +8,
                  | Int/Dex -2) [potion of mutation]
104520 | Pan      | Gained mutation: Your body sometimes deteriorates upon
                  | taking damage. [potion of mutation]
104520 | Pan      | Gained mutation: You have a considerably increased
                  | reservoir of magic. (+20% MP) [potion of mutation]
104521 | Pan      | Lost mutation: Your body sometimes deteriorates upon taking
                  | damage. [potion of mutation]
104521 | Pan      | Lost mutation: You are agile. (Dex +4, Str/Int -1) [potion
                  | of mutation]
104521 | Pan      | Lost mutation: You have a considerably increased reservoir
                  | of magic. (+20% MP) [potion of mutation]
104521 | Pan      | Gained mutation: You are occasionally teleported next to
                  | monsters. [potion of mutation]
104521 | Pan      | Lost mutation: You are occasionally teleported next to
                  | monsters. [potion of mutation]
104705 | Pan      | Noticed Mnoleg
104714 | Pan      | Killed Mnoleg
104764 | Pan      | Got a glowing rune of Zot
104769 | Pan      | Gained mutation: Your spells are a little easier to cast,
                  | but a little less powerful. [a cacodemon]
104977 | Pan      | Entered the realm of Cerebov.
105308 | Pan      | Lost mutation: Your spells are a little easier to cast, but
                  | a little less powerful. [potion of mutation]
105308 | Pan      | Lost mutation: You are very dopey. (Int -4) [potion of
                  | mutation]
105308 | Pan      | Lost mutation: You have hoof-like feet. [potion of
                  | mutation]
105308 | Pan      | Gained mutation: You possess an exceptional clarity of
                  | mind. [potion of mutation]
105308 | Pan      | Gained mutation: You expend magic power (3 MP) to
                  | strengthen your wands. [potion of mutation]
105308 | Pan      | Lost mutation: You expend magic power (3 MP) to strengthen
                  | your wands. [potion of mutation]
105457 | Pan      | Identified the +7 double sword of Nayrymuoc {heavy, Fly rC-
                  | Will+ Dex+6}
105537 | Pan      | Identified the ring "Goga" {rF+ AC+4}
105611 | Pan      | Got the Almanac of Conjuring and Pyromancy
105724 | Pan      | Got the Cyclopedia of the Shivering Dose
105736 | Pan      | Got the Elucidation of the Nauseating Summer
106098 | Pan      | Found an exit through the horrors of the Abyss.
106299 | Pan      | Found the +6 sword of Cerebov {flame}
106299 | Pan      | Noticed Cerebov
106343 | Pan      | Killed Cerebov
106640 | Pan      | Reached skill level 15 in Conjurations
107298 | Pan      | Got a fiery rune of Zot
107359 | Pan      | Identified the +3 ring mail "Fusolob" {Rampage Dex+2}
107572 | Pan      | Noticed Ignacio
107579 | Pan      | Killed Ignacio
107772 | Pan      | Entered the realm of Gloorx Vloq.
107950 | Pan      | Found an exit through the horrors of the Abyss.
109034 | Pan      | Noticed Gloorx Vloq
109545 | Pan      | Killed Gloorx Vloq
109557 | Pan      | Got a dark rune of Zot
109794 | Pan      | Entered the realm of Lom Lobon.
109797 | Pan      | Found an exit through the horrors of the Abyss.
109884 | Pan      | Reached skill level 15 in Armour
111315 | Pan      | Noticed Lom Lobon
111344 | Pan      | Killed Lom Lobon
111403 | Pan      | Got a magical rune of Zot
112063 | Pan      | Gained mutation: You occasionally lose the ability to read
                  | scrolls when taking damage. [a cacodemon]
112590 | Pan      | Found an exit through the horrors of the Abyss.
112804 | Pan      | Noticed Hionyant the pandemonium lord
112824 | Pan      | Killed Hionyant the pandemonium lord
113129 | Pan      | Identified the ring "Vec Yphy" {Fly rF+ Str-5 Slay+2}
113190 | Pan      | Found an exit through the horrors of the Abyss.
113554 | Pan      | Noticed Uhousm the pandemonium lord
113582 | Pan      | HP: 15/308 [Uhousm the pandemonium lord (35)]
113583 | Pan      | HP: 6/309 [Tzitzimitl (9)]
113594 | Pan      | Killed Uhousm the pandemonium lord
113738 | Depths:2 | Escaped Pandemonium
113739 | Depths:2 | Lost mutation: You are strong-willed. (Will+) [potion of
                  | mutation]
113739 | Depths:2 | Lost mutation: You have large cloven feet. [potion of
                  | mutation]
113739 | Depths:2 | Gained mutation: Your natural rate of healing is unusually
                  | fast. [potion of mutation]
113739 | Depths:2 | Gained mutation: You are agile. (Dex +4, Str/Int -1)
                  | [potion of mutation]
113740 | Depths:2 | Lost mutation: You are agile. (Dex +4, Str/Int -1) [potion
                  | of mutation]
113740 | Depths:2 | Lost mutation: You occasionally lose the ability to read
                  | scrolls when taking damage. [potion of mutation]
113740 | Depths:2 | Lost mutation: Your muscles are strong. (Str +4, Int/Dex
                  | -1) [potion of mutation]
113740 | Depths:2 | Gained mutation: Armour fits poorly on your strangely
                  | shaped body. [potion of mutation]
113740 | Depths:2 | Gained mutation: Your body sometimes deteriorates upon
                  | taking damage. [potion of mutation]
113954 | Depths:3 | Voluntarily entered the Abyss.
114066 | Abyss:1  | Reached skill level 5 in Stealth
114388 | Depths:3 | Escaped the Abyss
114452 | Depths:3 | Voluntarily entered the Abyss.
114672 | Abyss:1  | Gained mutation: You are weak. (Str -2) [a neqoxec]
114826 | Abyss:1  | Identified the +10 falchion of the Winnowing Sybil {freeze,
                  | *Rage rC- Int+6}
114827 | Abyss:1  | Identified the staff of poison "Towuf" {rPois rC++}
115936 | Abyss:4  | Got an abyssal rune of Zot
115951 | Depths:3 | Escaped the Abyss
116179 | Hell     | Noticed a dread lich
116186 | Hell     | Killed a dread lich
116299 | Hell     | Found a gateway to the decaying netherworld of Tartarus.
116357 | Hell     | Found a gateway to the freezing wastes of Cocytus.
116869 | Hell     | Found a gateway to the Iron City of Dis.
116928 | Hell     | Found a gateway to the ashen valley of Gehenna.
117030 | Coc:1    | Entered Level 1 of Cocytus
117428 | Coc:2    | Paralysed by a wendigo for 1 turns
117949 | Coc:3    | Learned a level 2 spell: Sublimation of Blood
118176 | Coc:4    | Paralysed by a wendigo for 1 turns
119521 | Coc:7    | Entered Level 7 of Cocytus
119543 | Coc:7    | Paralysed by a wendigo for 1 turns
120201 | Coc:7    | Paralysed by a wendigo for 1 turns
121243 | Coc:7    | Paralysed by a wendigo for 1 turns
122269 | Coc:7    | Paralysed by a wendigo for 1 turns
122596 | Coc:7    | Paralysed by a wendigo for 1 turns
122866 | Coc:7    | Reached skill level 15 in Dodging
123260 | Coc:7    | Paralysed by a wendigo for 1 turns
125159 | Coc:7    | Identified the quicksilver dragon scales of Daffodils
                  | {rElec Will+ MP-9 Int+5 SInv}
125159 | Coc:7    | Identified the ring of Ewavurin {rElec rF+ Will- rCorr
                  | Int+7 Dex+3}
125159 | Coc:7    | Noticed Antaeus
125277 | Coc:7    | Killed Antaeus
125456 | Dis:1    | Entered Level 1 of the Iron City of Dis
125548 | Dis:1    | You fall into a shaft and drop 1 floor!
127451 | Dis:5    | Reached skill level 10 in Necromancy
128452 | Dis:7    | Entered Level 7 of the Iron City of Dis
129285 | Dis:7    | Noticed a juggernaut
129292 | Dis:7    | Killed a juggernaut
129293 | Dis:7    | Reached skill level 10 in Transmutations
129730 | Dis:7    | Noticed a juggernaut
129741 | Dis:7    | Killed a juggernaut
130581 | Dis:7    | Found the +8 storm bow {elec, penet}
130587 | Dis:7    | Identified the ring of Fyuwn {rPois Slay+2}
131183 | Dis:7    | Noticed a juggernaut
131198 | Dis:7    | Killed a juggernaut
132316 | Dis:7    | Noticed Dispater
132327 | Dis:7    | Killed Dispater
132364 | Dis:7    | Got an iron rune of Zot
132368 | Dis:7    | Identified the +1 scale mail of Mirth {Dex+4}
132956 | Hell     | Learned a level 8 spell: Necromutation
132957 | Tar:1    | Entered Level 1 of Tartarus
133766 | Tar:3    | Reached skill level 15 in Transmutations
135449 | Tar:5    | Lost dexterity.
135687 | Pan      | Entered Pandemonium
135691 | Pan      | HP: 2/48 [Hell Sentinel/damnation (36)]
135693 | Pan      | Killed from afar by a Hell Sentinel

Illustrated notes

Levels and vault maps discovered:
D:1:      tekkud_arrival_beachfront_property, layout_basic,
          grunt_decor_one_mirror, minmay_misc_feat_cross
D:2:      layout_basic, minmay_misc_feat_roman
D:3:      layout_loops_cross, serial_shops, shop, roderic_serpentine_path,
          nicolae_eternal_life, uniq_sigmund
D:4:      layout_rooms, kennysheep_little_box, elyvilon_altar_4,
          gammafunk_ghost_split, uniq_menkaure, uniq_pikel, uniq_ijyb
D:5:      layout_basic, kennysheep_orc_sif_temple, mainiacjoe_overflow_24_doors,
          minmay_misc_feat_more_columns, nicolae_wormholes, uniq_blork_the_orc,
          uniq_prince_ribbit1
D:6:      layout_basic, grunt_temple_overflow_forces_of_nature,
          lemuel_crystal_altar, roderic_lattice_a
D:7:      layout_cave_pools, minmay_temple_entry_proselytizer,
          kennysheep_generic_room_10
D:8:      layout_rooms, nicolae_overflow_two_pavilions,
          nicolae_shop_distant_corner_stores, uniq_psyche
D:9:      layout_grid_maze, minmay_protected_statue
D:10:     layout_irregular_city, lightli_temple_of_fire
D:11:     layout_cave_pools, due_lair_maze_entry_diamond, uniq_harold,
          uniq_nergalle
D:12:     minmay_the_grid_net [minmay_the_grid_paths,
          minmay_the_grid_outer_circle, minmay_the_grid_tiny_cups,
          minmay_the_grid_medium_cups, minmay_the_grid_doors,
          minmay_the_grid_prize_inner_circle], layout_grid_maze, uniq_lodul,
          uniq_erolcha, uniq_kirke
D:13:     nicolae_cairo_tiling_very_big, layout_basic, erik_vaults_1,
          nicolae_burly_brawl
D:14:     layout_roguey, minmay_misc_feat_square, enter_trove_6, uniq_josephine,
          uniq_agnes
D:15:     grunt_enter_depths_hoard, layout_small_grid,
          chequers_serial_rivers_micro_c, nemelex_lonely_heart_becter,
          uniq_rupert
Lair:1:   layout_chaotic_city, nicolae_lair_run_with_the_wolves,
          lemuel_fruit_fields, serial_bayou_shore_a, infiniplex_staircase_pool_2
Lair:2:   layout_chaotic_city, nicolae_shoals_entry_flooding,
          grunt_megastairs_5, uniq_urug
Lair:3:   layout_hall_layers, spider_nest_entry_funnel_web, beast_lair_carwin_4
Lair:4:   layout_cave_pods, slime_entry_1, enter_volcano_2
Lair:5:   gammafunk_lair_ancient_temple, layout_cave_pods,
          ebering_ghost_rock_garden
Shoals:1: layout_shoals, serial_shops, shop, shop
Shoals:2: layout_shoals
Shoals:3: layout_shoals, nicolae_shoals_dead_sea_scrolls, uniq_mara
Shoals:4: shoals_end_hellmonk_storm_palace [storm_palace_center_circular,
          storm_palace_corner_pillars, storm_palace_corner_reverse_hut,
          storm_palace_corner_reverse_hut, storm_palace_corner_altar]
Spider:1: layout_chambers
Spider:2: layout_spider_delve, drop_trap, uniq_mlioglotl, uniq_arachne
Spider:3: layout_spider_delve, guppyfry_hornet_nest
Spider:4: grunt_spider_rune_island, nicolae_spider_spiderdrome
Slime:1:  layout_caves
Slime:2:  layout_caves
Slime:3:  layout_caves
Slime:4:  layout_caves
Slime:5
Orc:1:    cheibrodos_orc_guarddog, layout_caves, hellmonk_bongcloud_opening,
          uniq_maurice, uniq_fannar
Orc:2:    st_orc_mages, layout_caves, portal_ice_cave_entry_pillars_2,
          special_room, uniq_azrael
Elf:1:    minmay_elf_arrival_summoners, layout_geoelf_diagonals,
          minmay_elf_demonology, door_vault, minmay_shoptagon
Elf:2:    nicolae_elf_blades_splatter_lattice
          [nicolae_blade_entry_crossed_weapons], layout_loops_ring,
          serial_shops, nicolae_shop_peninsula, basic_altar
Elf:3:    minmay_elf_hall_hex, layout_geoelf_castle
Vaults:1: nicolae_vaults_wine_cellar, ontoclasm_vaults_hangar,
          nicolae_vaults_trapezoid_lopsided_4, nicolae_vaults_double_plus_2,
          nicolae_vaults_storage_closets_3, hangedman_vaults_variations,
          grunt_vaults_swirl, gammafunk_sealed_arena,
          nicolae_vaults_double_plus_3, nicolae_vaults_network_periphery,
          v_alt_pattern_6, vaults_room_grid, ontoclasm_vaults_shuriken,
          vaults_dpeg_emergency_exit, layout_vaults_ring, serial_shops,
          nicolae_shop_bloodbath_and_beyond
Vaults:2: minmay_crypt_entry_necro_gods, nicolae_vaults_yaktaur_gun_rack,
          nicolae_vaults_doubleplus_tesselated, nicolae_vaults_tetromino_Z_2,
          nicolae_vaults_three_branches, v_misc_13, ontoclasm_vaults_tryst,
          v_misc_27, vaults_mumra_minichess, nicolae_vaults_steering_wheel,
          layout_vaults_big_room, serial_shops, nicolae_shop_tiny_glass
Vaults:3: nicolae_vaults_shipping_containers_5, hangedman_vaults_slice,
          nicolae_vaults_trapezoid_lopsided_2, layout_vaults_omnigrid
Vaults:4: lightli_enter_wizlab_magi_temple, nicolae_vaults_asterisk,
          nicolae_vaults_little_squares_6, nicolae_vaults_mini_display_case,
          vaults_room_pools, vaults_standard_mumra_lines,
          nicolae_vaults_cochlea, nicolae_vaults_trapezoid_layered,
          nicolae_vaults_network_square, nicolae_vaults_cornered_office,
          v_misc_25, hangedman_vaults_stagger, nicolae_vaults_shrinking_rooms_1,
          layout_vaults_maze, uniq_frederick, uniq_donald, uniq_aizul
Vaults:5
Crypt:1:  layout_basic, corexii_leaking_fountain, grunt_crypt_arrival_webbed,
          grunt_megastairs_4
Crypt:2:  layout_misc_corridors, nzn_life_drinkers
Crypt:3:  david_glass_crypt, layout_chaotic_city,
          nicolae_tomb_entry_rubble_hallway, grunt_megastairs_2
Depths:1: layout_gridville, enter_ziggurat_e, grunt_metal_band,
          hangedman_abyss_or_decor_jellyfish_corner, grunt_ministairs_13,
          nicolae_uskayaw_en_pointe, uniq_bai_suzhen
Depths:2: box_level_dp, hell_entry, pan_entry
Depths:3: hangedman_grunt_twisty_little_passages, layout_gridlike, abyss_entry,
          hell_entry, grunt_pan_entry_sceptre, serial_bayou_shore_b,
          infiniplex_staircase_zigzag_1, uniq_grunn, uniq_margery
Depths:4: evilmike_zot_entry_argh, layout_cave_shapes, pf_coc_iceberg,
          grunt_pan_entry_in_and_out, nicolae_figureground_sparkle, drop_trap
Hell
Dis:1:    layout_overlapping_boxes, minmay_strange_pillars
Dis:2:    layout_jigsaw
Dis:3:    layout_subdivisions
Dis:4:    layout_jigsaw, nicolae_dis_strange_trophy_room
Dis:5:    layout_jigsaw
Dis:6:    layout_subdivisions
Dis:7:    dis_grunt_layers
Coc:1:    layout_ice_bergs
Coc:2:    layout_cocytus_water_paths
Coc:3:    layout_ice_bergs
Coc:4:    layout_cocytus_delve
Coc:5:    layout_cocytus_water_paths
Coc:6:    layout_cocytus_water_paths
Coc:7:    coc_grunt_cove [coc_grunt_cove_antaeus, coc_grunt_cove_fiend,
          coc_grunt_cove_fiend, coc_grunt_cove_fiend, coc_grunt_cove_fiend]
Tar:1:    layout_grid_maze
Tar:2:    layout_catacombs
Tar:3:    layout_catacombs
Tar:4:    layout_grid_maze
Tar:5:    layout_grid_maze
Tar:6:    layout_honeycomb
Zot:1:    layout_cathedral_of_symmetry, uniq_josephina
Zot:2:    lemuel_halls_of_wrath, layout_concentric_octagons
Zot:3:    layout_misc_corridors
Zot:4:    layout_onion, grunt_ministairs_8, amcnicky_altar_lugonu_corruption
Zot:5:    layout_basic
Pan:      regret_index_pan_draining_boxed, layout_gridlike, pan_blood_fountain,
          nicolae_pan_gloorx_vloqian_3, gammafunk_dig_for_victory, layout_rooms,
          evilmike_mini_pan_possible_glass, layout_stronghold,
          evilmike_mini_pan_corridor, layout_basic, pan_blood_fountain_2,
          nicolae_pan_gloorx_vloqian_2, grunt_pan_zigzag, layout_pan_divisions_b
          [pan_division_quadrant_b3, pan_division_quadrant_b3,
          pan_division_quadrant_b3, pan_division_quadrant_b5],
          pan_blood_fountain_small, mnoleg_grunt, layout_stronghold,
          reaverb_pan_figure_eight, rand_demon_8, layout_irregular_city,
          cerebov_grunt, layout_gridlike, nicolae_pan_lom_lobonic_1,
          lemuel_hall_of_pain, layout_irregular_city, evilmike_mini_pan_diamond,
          layout_small_grid, evilmike_mini_pan_doors_b, layout_irregular_city,
          evilmike_mini_pan_other_thingy, layout_irregular_city,
          pan_blood_fountain, grunt_pan_sceptre, layout_gridlike,
          pan_blood_fountain_small, pan_blood_fountain_2,
          nicolae_pan_gloorx_vloqian_3, nicolae_pan_giant_door, layout_chambers,
          uniq_ignacio, nicolae_pan_cerebovesque_1, gloorx_vloq_grunt,
          layout_cellular_growth, rand_demon_7, layout_gridlike, rand_demon_3,
          layout_basic, grunt_pan_frozen_over, layout_pan_divisions_a
          [pan_division_quadrant_a3, pan_division_quadrant_a3,
          pan_division_quadrant_a6, pan_division_quadrant_a2,
          pan_division_octagon_empty], lom_lobon_spiral_st, layout_gridlike,
          pan_blood_fountain, grunt_pan_in_and_out, layout_grid_shapes,
          nicolae_pan_gloorx_vloqian_1, evilmike_mini_pan_doors, layout_rooms,
          nicolae_pan_mnolegish_2, evilmike_mini_pan_other_thingy,
          layout_pan_divisions_a [pan_division_quadrant_a4,
          pan_division_quadrant_a4, pan_division_quadrant_a2,
          pan_division_quadrant_a5, pan_division_octagon_box],
          pan_blood_fountain_small, grunt_pan_sceptre, layout_basic

Skill      XL: |  1  2  3  4  5  6  7  8  9 10 11 12 13 14 15 16 17 18 19 20 21 22 23 24 25 26 27 |
---------------+----------------------------------------------------------------------------------+-----
Conjurations   | 4 5 6 7 8 10 11 15 | 15.9
Translocations | 6 8 10 12 13 | 13.4
Spellcasting   | 3 5 8 11 14 16 18 20 21 24 | 24.3
Dodging        | 7 9 11 17 | 17.6
Fighting       | 10 12 15 17 18 20 | 20.1
Necromancy     | 2 5 12 | 12.4
Transmutations | 2 5 16 | 16.7
Earth Magic    | 1 5 8 12 17 20 22 25 | 25.6
Shields        | 7 10 11 12 | 12.1
Armour         | 4 6 11 15 | 15.0
Maces & Flails | 6 8 13 16 | 16.6
Stealth        | 4 9 |  9.2

Action                     |  1- 3 |  4- 6 |  7- 9 | 10-12 | 13-15 | 16-18 | 19-21 | 22-24 | 25-27 || total
---------------------------+-------+-------+-------+-------+-------+-------+-------+-------+-------++-------
  Melee: Club              |     4 |       |       |       |       |       |       |       |       ||     4
         Dagger            |     8 |     1 |       |     1 |     1 |       |       |       |       ||    11
         Staff             |       |       |     1 |    27 |    84 |    31 |    56 |    73 |   105 ||   377
         Trident           |       |       |       |       |     6 |     9 |       |       |       ||    15
         Eveningstar       |       |       |       |       |       |   113 |   203 |   237 |   627 ||  1180
         Headbutt          |       |       |       |       |       |       |       |       |    49 ||    49
         Kick              |       |       |       |       |       |       |       |       |     5 ||     5
   Cast: Magic Dart        |   100 |    48 |   206 |    27 |       |     2 |   448 |   117 |    81 ||  1029
         Searing Ray       |       |     8 |    71 |    19 |     4 |       |       |       |       ||   102
         Iskenderun's Myst |       |       |    17 |   307 |   841 |   516 |  1070 |   788 |  1130 ||  4669
         Stone Arrow       |       |       |       |       |    30 |   333 |   291 |   421 |   237 ||  1312
         Fulminant Prism   |       |       |       |       |     4 |       |       |       |       ||     4
         Frozen Ramparts   |       |       |       |       |       |     1 |       |       |       ||     1
         Manifold Assault  |       |       |       |       |       |    49 |    30 |    51 |    68 ||   198
         Iskenderun's Batt |       |       |       |       |       |       |   139 |   185 |   335 ||   659
         Swiftness         |       |       |       |       |       |       |     2 |     2 |     1 ||     5
         Statue Form       |       |       |       |       |       |       |       |     5 |    53 ||    58
         Borgnjor's Vile C |       |       |       |       |       |       |       |     2 |    51 ||    53
         Lehudib's Crystal |       |       |       |       |       |       |       |       |   790 ||   790
         Shatter           |       |       |       |       |       |       |       |       |   495 ||   495
         Blink             |       |       |       |       |       |       |       |       |     3 ||     3
         Leda's Liquefacti |       |       |       |       |       |       |       |       |     6 ||     6
         Sublimation of Bl |       |       |       |       |       |       |       |       |     3 ||     3
Ability: End Transformatio |       |       |       |       |       |       |       |     1 |     2 ||     3
    Use: Potion            |       |     1 |     7 |     4 |     5 |     4 |     3 |     3 |    62 ||    89
         Scroll            |       |       |       |    12 |    14 |    10 |     1 |    15 |    37 ||    89
   Stab: Distracted        |       |       |       |       |     1 |       |       |       |     3 ||     4
         Sleeping          |       |       |       |       |       |       |     2 |       |     1 ||     3
 Armour: Robe              |     1 |       |       |       |       |       |       |       |       ||     1
         Ring mail         |     4 |     9 |    82 |    89 |   228 |   249 |       |       |       ||   661
         Pearl dragon scal |       |       |       |       |       |     2 |   478 |   354 |   874 ||  1708
         Skin              |       |       |       |       |       |       |       |     1 |   232 ||   233
  Dodge: Dodged            |     6 |     8 |   104 |   100 |   340 |   311 |   424 |   358 |  1173 ||  2824
  Block: Kite shield       |       |       |       |       |    61 |   300 |   461 |   518 |  1112 ||  2452
         Reflection        |       |       |       |       |       |       |       |    53 |   114 ||   167
         Tower shield      |       |       |       |       |       |       |       |       |   954 ||   954
Riposte: Staff             |       |       |       |       |       |       |       |    25 |   340 ||   365
         Eveningstar       |       |       |       |       |       |       |       |     6 |   266 ||   272
